 Dungeon Crawl Stone Soup version 0.30-a0-1035-g38d5fb2972 (webtiles) character file.

Game seed: 13840297230708511759

15285 jtron the Slicer (level 11, -13/67 (86) HPs)
             Began as a Demonspawn Wanderer on Apr 8, 2023.
             Was a Priest of Sif Muna.
             Mangled by a white ugly thing (26 damage)
             ... on level 15 of the Dungeon.
             The game lasted 00:50:42 (12889 turns).

jtron the Slicer (Demonspawn Wanderer)             Turns: 12889, Time: 00:50:44

HP:   -13/67 (86)   AC: 11    Str: 16    XL:     11   Next: 99%
MP:   21/21         EV: 14    Int: 16    God:    Sif Muna [***...]
Gold: 480           SH:  0    Dex: 18    Spells: 15/24 levels left

rFire   . . .      SeeInvis .    a - +4 rapier "Ekim" {heavy, Will+ rCorr}
rCold   . . .      Faith    .    (no shield)
rNeg    . . .      Spirit   .    s - +3 robe of the Orange Skies {*Corrode rPois Str+4}
rPois   +          Reflect  .    w - +1 hat {Int+3}
rElec   .          Rampage  .    (cloak unavailable)
rCorr   +                        p - +0 pair of gloves
Will    +....                    H - +0 pair of boots
Stlth   +++                      d - amulet of magic regeneration
HPRegen 0.31/turn                (no ring)
MPRegen 0.74/turn                (no ring)

@: heavily drained
A: slimy green scales 2, ignite blood 1, magic regeneration, weakness stinger 3
a: Renounce Religion, Channel Magic, Forget Spell


You were on level 15 of the Dungeon.
You worshipped Sif Muna.
Sif Muna was most pleased with you.
You visited 3 branches of the dungeon, and saw 15 of its levels.
You also visited: Ossuary.

You collected 760 gold pieces.
You spent 280 gold pieces at shops.

Inventory:

Hand Weapons
 a - the +4 rapier "Ekim" (weapon) {heavy, Will+ rCorr}
   (You found it on level 2 of the Dungeon)

   rCorr:     It protects you from acid and corrosion.
   Will:      It increases your willpower.
 b - a +2 sling of chaos
 f - a +2 rapier of speed
 m - a +1 quarterstaff
Missiles
 j - 64 stones
 K - a throwing net
 M - 2 poisoned darts (quivered)
Armour
 p - a +0 pair of gloves (worn)
 s - the +3 robe of the Orange Skies (worn) {*Corrode rPois Str+4}
   (You found it on level 2 of the Dungeon)

   Str:       It affects your strength (+4).
   rPois:     It protects you from poison.
   *Corrode:  It may corrode you when you take damage.
 w - a +1 hat of intelligence (worn)
 G - a +2 hat of stealth
 H - a +0 pair of boots (worn)
Jewellery
 d - an amulet of magic regeneration (around neck)
 e - a ring of fire
Wands
 c - a wand of mindburst (3)
 x - a wand of digging (14)
 y - a wand of charming (11)
 F - a wand of polymorph (10)
Scrolls
 k - a scroll of silence
 l - a scroll of enchant weapon
 r - a scroll of butterflies
 u - a scroll of teleportation
 z - 6 scrolls of identify
 B - a scroll of amnesia
Potions
 g - a potion of magic {unknown}
 h - 2 potions of flight {unknown}
 i - 2 potions of mutation
 n - 2 potions of attraction
 q - 2 potions of brilliance
 v - 3 potions of lignification
 A - 5 potions of invisibility
 E - 2 potions of might
Miscellaneous
 t - a lightning rod (1/4)


   Skills:
 + Level 7.8 Fighting
 + Level 9.3 Short Blades
 - Level 2.2 Staves
 + Level 2.1 Ranged Weapons
 - Level 2.0 Throwing
 - Level 4.0 Dodging
 - Level 4.1 Stealth
 * Level 7.0 Spellcasting
 + Level 3.7 Necromancy
 * Level 4.1 Transmutations
 * Level 3.5 Fire Magic
 * Level 3.7 Air Magic
 + Level 3.8 Poison Magic
 + Level 7.2 Invocations
 + Level 3.8 Evocations


You had 15 spell levels left.
You knew the following spells:

 Your Spells              Type           Power      Damage    Failure   Level
a - Cigotuvi's Dreadful   Necr/Pois/Air  34%        N/A       4%          2
b - Ignite Poison         Fire/Tmut/Pois 17%        N/A       8%          3
c - Dispel Undead         Necr           17%        3d10      26%         4

Your spell library contained the following spells:

 Spells                   Type           Power      Damage    Failure   Level
 Sublimation of Blood     Necr           17%        N/A       4%          2
 Petrify                  Tmut/Erth      12%        N/A       47%         4
 Irradiate                Conj/Tmut      6%         3d13      83%         5
 Freezing Cloud           Conj/Ice/Air   4%         6-21      90%         5
 Death Channel            Necr           8%         N/A       99%         6
 Conjure Ball Lightning   Conj/Air       5%         3x3d6     100%        6
 Discord                  Hex            2%         N/A       100%        8
 Disjunction              Tloc           2%         N/A       100%        8


Dungeon Overview and Level Annotations

Branches:
Dungeon (12/15)            Temple (1/1) D:5            Lair (1/5) D:9
Ossuary (visited)
    Orc: D:9-12

Altars:
Ashenzari
Cheibriados
Dithmenos
Fedhas
Gozag
Hepliaklqana
Kikubaaqudgha
Makhleb
Nemelex Xobeh
Okawaru
Qazlal
Ru
Sif Muna
Trog
Uskayaw
Vehumet
Wu Jian
Xom
Yredelemnul

Shops:
D:4 *


Innate Abilities, Weirdness & Mutations

You are mostly covered in slimy green scales. (AC +3)
Your demonic aura sometimes causes spilled blood to erupt in flames.
You regenerate magic rapidly.
You have a sharp stinger which inflicts weakening toxins.


Message History

The white ugly thing seems to burn from within!!
The white ugly thing is heavily wounded.
The red ugly thing seems to burn from within!
The red ugly thing is lightly wounded.
The white ugly thing basks in the mutagenic energy from its kin and changes!
You barely miss the red ugly thing.
Your tail-slap misses the red ugly thing.
The red ugly thing is lightly wounded.
A cyclops comes into view.
The red ugly thing basks in the mutagenic energy from its kin and changes!
The white ugly thing basks in the mutagenic energy from its kin and changes!
The red ugly thing basks in the mutagenic energy from its kin and changes!
The white ugly thing basks in the mutagenic energy from its kin and changes!
The white ugly thing basks in the mutagenic energy from its kin and changes!
The white ugly thing attacks as you move away!
The white ugly thing pecks you. The white ugly thing freezes you!
The white ugly thing attacks as you move away!
The white ugly thing closely misses you.
The white ugly thing attacks as you move away!
The white ugly thing closely misses you.
The white ugly thing basks in the mutagenic energy from its kin and changes!
The white ugly thing pecks you. The white ugly thing freezes you!!
* * * LOW HITPOINT WARNING * * *
You impale the white ugly thing!! You tail-slap the white ugly thing.
The white ugly thing looks weaker.
The white ugly thing is moderately wounded.
The white ugly thing is engulfed in blazing flames.
The white ugly thing misses you.
You completely miss the white ugly thing.
The white ugly thing is heavily wounded.
The white ugly thing is engulfed in blazing flames.
The white ugly thing closely misses you.
You barely miss the white ugly thing.
The white ugly thing is heavily wounded.
The green ugly thing basks in the mutagenic energy from its kin and changes!
The white ugly thing is engulfed in blazing flames.
The white ugly thing pecks you.
* * * LOW HITPOINT WARNING * * *
The white ugly thing freezes you!!
You die...

.#.#........# #.......
#.#.........# #....^..
.#.#........# #.......
#.#.........# #....###
.#.#.#......# #....###
#.#.#.#..## ###.......
.#.#.#.u..# #.........
#.#u#.###.##############.#.....).
...u.#.##uu.uu.u@........#.......
.C..#.#################..####....
.....#.# ##.# #.... ..#.#.## #.#
##.... ...#.#.# #.. ...... ..#
#### #...$..##. .. #####..... ..
#..... .. ......


You could see 5 ugly things.

Vanquished Creatures
  Gastronok (D:10)
  A boulder beetle (D:11)
  A two-headed ogre (D:11)
  A tengu warrior (D:11)
  Nergalle (D:11)
  Pikel (D:7)
  4 cyclopes
  An ugly thing (D:10)
  A manticore (D:11)
  Joseph (D:7)
  Psyche (D:10)
  A komodo dragon (D:6)
  A kobold demonologist (D:10)
  A tengu conjurer (D:11)
  2 shadows
  2 yaks (D:9)
  3 wyverns
  2 humans (D:9)
  2 steam dragons (D:7)
  Menkaure (D:6)
  4 vampire mosquitoes
  An acid dragon (D:10)
  Edmund (D:6)
  3 water moccasins
  Duvessa (D:7)
  A sky beast (D:8)
  A hornet zombie (D:5)
  4 orc warriors
  3 black bears
  4 ice beasts
  2 ogres (D:5)
  4 centaurs
  3 lemures
  2 kobold brigands
  3 phantoms
  6 bullfrogs
  Blork the orc (D:6)
  A scorpion (D:9)
  8 wights
  A wyvern skeleton (D:5)
  Dowan (D:7)
  10 killer bees
  3 howler monkeys
  An electric eel (Lair:1)
  3 centaur zombies
  3 hounds
  A jelly (D:7)
  3 human zombies (Ossuary)
  8 orc priests
  2 bullfrog skeletons (D:5)
  A centaur skeleton (D:5)
  2 gnoll boudas
  7 iguanas
  8 orc wizards
  A killer bee zombie (D:5)
  4 mummies (Ossuary)
  Robin (D:4)
  9 gnolls
  2 howler monkey zombies (D:5)
  8 adders
  2 white imps
  2 ufetubi
  34 orcs
  7 ball pythons
  2 endoplasms
  15 goblins
  11 hobgoblins
  3 jackals (D:3)
  20 kobolds
  4 quokkas
  6 bats
  2 frilled lizards
  A gnoll zombie (Ossuary)
  A goblin zombie (Ossuary)
  An orc zombie (Ossuary)
  4 rats
276 creatures vanquished.

Vanquished Creatures (others)
  An orc wizard (D:10)
  An orc (D:7)
  45 fungi
  61 plants
  2 withered plants (D:5)
110 creatures vanquished.

Grand Total: 386 creatures vanquished

Notes
Turn   | Place    | Note
-------+----------+-------------------------------------------
     0 | D:1      | jtron the Demonspawn Wanderer began the quest for the Orb.
     0 | D:1      | jtron set off with the following items: a +1 quarterstaff,
                  | a lightning rod (4/4), a potion of heal wounds, a +0 robe.
     0 | D:1      | Reached XP level 1. HP: 19/19 MP: 1/1
   187 | D:1      | Gained mutation: You have a small tail. [demonic ancestry]
   187 | D:1      | Reached XP level 2. HP: 26/26 MP: 2/2
   683 | D:2      | Identified the +4 rapier "Ekim" {heavy, Will+ rCorr}
   769 | D:2      | Gained mutation: You have a tail ending in a sharp stinger.
                  | [demonic ancestry]
   769 | D:2      | Reached XP level 3. HP: 25/31 MP: 3/3
   845 | D:2      | Identified the +3 robe of the Orange Skies {*Corrode rPois
                  | Str+4}
  1536 | D:3      | Reached skill level 1 in Short Blades
  1726 | D:4      | Found a hide-covered altar of Uskayaw.
  1821 | D:4      | Noticed a phantom
  1831 | D:4      | Killed a phantom
  1832 | D:4      | Reached skill level 2 in Short Blades
  1832 | D:4      | Gained mutation: You are partially covered in slimy green
                  | scales. (AC +2) [demonic ancestry]
  1832 | D:4      | Reached XP level 4. HP: 38/38 MP: 3/5
  1838 | D:4      | Reached skill level 1 in Spellcasting
  1838 | D:4      | Gained mutation: You regenerate magic rapidly. [demonic
                  | ancestry]
  1838 | D:4      | Reached XP level 5. HP: 43/43 MP: 3/6
  1949 | D:4      | Reached skill level 1 in Dodging
  2085 | D:4      | Reached skill level 3 in Short Blades
  2087 | D:4      | Noticed Robin
  2094 | D:4      | Killed Robin
  2121 | D:4      | Found Xymitt's Assorted Antiques.
  2321 | D:5      | Entered Level 5 of the Dungeon
  2321 | D:5      | Noticed a phantom
  2410 | D:5      | Reached XP level 6. HP: 50/50 MP: 7/7
  2438 | D:5      | Reached skill level 5 in Fighting
  2455 | D:5      | Noticed a water moccasin
  2476 | D:5      | Reached skill level 1 in Throwing
  2479 | D:5      | Killed a water moccasin
  2480 | D:5      | Reached skill level 4 in Short Blades
  2565 | D:5      | Reached XP level 7. HP: 49/56 MP: 9/9
  2618 | D:5      | Reached skill level 5 in Short Blades
  2712 | D:5      | Gained mutation: You have a sharp stinger which inflicts
                  | weakening toxins. [demonic ancestry]
  2712 | D:5      | Reached XP level 8. HP: 46/62 MP: 10/12
  2768 | D:5      | Learned a level 2 spell: Cigotuvi's Dreadful Rot
  2772 | D:5      | Learned a level 3 spell: Ignite Poison
  3246 | D:5      | Found a staircase to the Ecumenical Temple.
  3258 | Temple   | Entered the Ecumenical Temple
  3355 | Temple   | Became a worshipper of Sif Muna the Loreminder
  3575 | D:6      | Identified the +12 dagger "Minog" {freeze, Fly rPois rF+
                  | Int-4}
  3666 | D:6      | Found a sand-covered staircase.
  3671 | Ossuary  | Entered an ossuary
  3822 | Ossuary  | Reached skill level 6 in Short Blades
  3822 | Ossuary  | Reached skill level 1 in Poison Magic
  3831 | Ossuary  | Reached skill level 1 in Necromancy
  4007 | D:6      | Noticed Edmund
  4021 | D:6      | Killed Edmund
  4022 | D:6      | Reached skill level 1 in Transmutations
  4022 | D:6      | Reached skill level 1 in Fire Magic
  4022 | D:6      | Reached skill level 1 in Air Magic
  4075 | D:6      | Noticed Menkaure
  4345 | D:6      | Killed Menkaure
  4385 | D:6      | Gained mutation: Your demonic aura sometimes causes spilled
                  | blood to erupt in flames. [demonic ancestry]
  4385 | D:6      | Reached XP level 9. HP: 68/68 MP: 14/14
  4386 | D:6      | Noticed a komodo dragon
  4395 | D:6      | Noticed Blork the orc
  4591 | D:6      | Reached * piety under Sif Muna
  4673 | D:6      | Killed Blork the orc
  4755 | D:6      | Killed a komodo dragon
  4870 | D:6      | Found a sacrificial altar of Ru.
  5002 | D:7      | Noticed Pikel
  5007 | D:6      | Reached skill level 1 in Invocations
  5439 | D:7      | Killed Pikel
  5772 | D:7      | Noticed Joseph
  5779 | D:7      | Killed Joseph
  5780 | D:7      | Reached skill level 7 in Short Blades
  5780 | D:7      | Noticed Dowan
  5783 | D:7      | Killed Dowan
  5797 | D:7      | Reached ** piety under Sif Muna
  5802 | D:7      | Gained mutation: You are mostly covered in slimy green
                  | scales. (AC +3) [demonic ancestry]
  5802 | D:7      | Reached XP level 10. HP: 76/76 MP: 17/17
  5821 | D:7      | Reached skill level 5 in Spellcasting
  5824 | D:7      | Noticed Duvessa
  5830 | D:7      | Killed Duvessa
  6553 | D:8      | Found an ornate altar of the Wu Jian Council.
  6554 | D:8      | Found an opulent altar of Gozag.
  6554 | D:8      | Found a shimmering altar of Xom.
  6555 | D:8      | Found a stormy altar of Qazlal.
  6556 | D:8      | Found a sparkling altar of Nemelex Xobeh.
  6874 | D:9      | Found an iron altar of Okawaru.
  6884 | D:9      | Reached skill level 1 in Ranged Weapons
  7053 | D:9      | Found a snail-covered altar of Cheibriados.
  7175 | D:9      | Reached skill level 5 in Invocations
  7253 | D:9      | Found a staircase to the Lair.
  7464 | D:9      | Noticed a cyclops
  7500 | D:9      | Killed a cyclops
  7693 | D:9      | Learned a level 4 spell: Dispel Undead
  7979 | D:10     | Entered Level 10 of the Dungeon
  8212 | D:10     | Reached *** piety under Sif Muna
  8703 | D:10     | Reached skill level 8 in Short Blades
  8737 | D:10     | Reached XP level 11. HP: 72/74 MP: 19/19
  9098 | D:4      | Bought a potion of heal wounds for 140 gold pieces
  9098 | D:4      | Bought a potion of heal wounds for 140 gold pieces
  9188 | D:10     | Noticed Gastronok
  9211 | D:10     | Killed Gastronok
  9465 | D:10     | Noticed Psyche
  9614 | D:10     | Killed Psyche
  9802 | D:11     | Noticed a two-headed ogre
  9810 | D:11     | Killed a two-headed ogre
  9829 | D:11     | Noticed a green ugly thing
  9842 | D:10     | Killed a green ugly thing
 10004 | D:11     | Noticed Nergalle
 10028 | D:11     | Killed Nergalle
 10084 | D:11     | Reached skill level 9 in Short Blades
 10299 | D:11     | Noticed a boulder beetle
 10310 | D:11     | Killed a boulder beetle
 10732 | Lair:1   | Entered Level 1 of the Lair of Beasts
 10873 | D:9      | HP: 1/79 [black mamba (12)]
 10884 | D:9      | HP: 1/70 [black mamba (7)]
 11828 | D:11     | Noticed a tengu warrior
 11846 | D:11     | Killed a tengu warrior
 12657 | D:12     | Noticed a two-headed ogre
 12657 | D:12     | You fall into a shaft and drop 3 floors!
 12657 | D:15     | Entered Level 15 of the Dungeon
 12699 | D:15     | Noticed a four-headed hydra
 12729 | D:15     | Noticed a green ugly thing
 12864 | D:15     | Noticed a white ugly thing
 12865 | D:15     | Noticed a white ugly thing
 12865 | D:15     | Noticed a white ugly thing
 12865 | D:15     | Noticed a white ugly thing
 12866 | D:15     | Noticed a white ugly thing
 12889 | D:15     | Mangled by a white ugly thing

Illustrated notes

Levels and vault maps discovered:
D:1:      dpeg_arrival_erosion, layout_rooms, serial_corexii_hall,
          corexii_hall_statues_i, chequers_hall_statues_y,
          kennysheep_decorative_pillar
D:2:      minmay_kobold_bridge, layout_rooms
D:3:      layout_basic, mainiacjoe_overflow_alcove_2
D:4:      layout_rooms, mainiacjoe_overflow_tiny_flanked, serial_shops, shop,
          nicolae_figureground_pulse, uniq_robin
D:5:      layout_rooms, minmay_temple_entry_nine_rooms, serial_undead,
          serial_undead_a, serial_undead_c, serial_undead_f, serial_undead_d
D:6:      layout_loops_ring, mainiacjoe_overflow_alcove_4, enter_ossuary_2,
          uniq_edmund, uniq_blork_the_orc, uniq_menkaure
D:7:      layout_gridville, uniq_joseph, uniq_pikel, uniq_duvessa
D:8:      layout_loops_ring, minitemple
D:9:      layout_roguey, okawaru_humans,
          mainiacjoe_overflow_concentric_impassable, due_lair_maze_entry_diamond
D:10:     layout_stronghold, uniq_gastronok, uniq_psyche
D:11:     layout_basic, nicolae_zen_rock_garden, uniq_nergalle
D:12:     layout_rooms, hiddenorc1_lemuel, nicolae_underground_beach
D:15:     gammafunk_enter_depths_forms, layout_basic, gauntlet_entry_generic,
          serial_park_tiny_1, grunt_ministairs_1
Temple:   jpeg_temple_clearing
Lair:1:   layout_misc_corridors, small_statue_intersection,
          serial_bayou_crossing, infiniplex_staircase_pool, lemuel_fruit_fields

Skill      XL: |  1  2  3  4  5  6  7  8  9 10 11 |
---------------+----------------------------------+-----
Staves         | 2 |  2.2
Short Blades   | 2 3 4 5 6 7 8 9 |  9.3
Spellcasting   | 1 2 3 4 5 7 |  7.0
Dodging        | 1 2 3 4 |  4.0
Stealth        | 2 3 4 |  4.1
Fighting       | 5 6 7 |  7.8
Throwing       | 1 2 |  2.0
Poison Magic   | 1 2 3 |  3.8
Necromancy     | 1 2 3 |  3.7
Transmutations | 1 2 3 4 |  4.1
Fire Magic     | 1 2 3 |  3.5
Air Magic      | 1 2 3 |  3.7
Invocations    | 4 6 7 |  7.2
Ranged Weapons | 2 |  2.1
Evocations     | |  3.8

Action                     |  1- 3 |  4- 6 |  7- 9 | 10-12 || total
---------------------------+-------+-------+-------+-------++-------
  Melee: Quarterstaff      |    39 |       |       |       ||    39
         Rapier            |    51 |    41 |   208 |   338 ||   638
         Tailslap          |     1 |     5 |    27 |    66 ||    99
         Punch             |       |       |     1 |     7 ||     8
   Fire: Sling             |       |       |       |     7 ||     7
  Throw: Stone             |     7 |       |     9 |    29 ||    45
         Dart              |       |    14 |    38 |    43 ||    95
         Throwing net      |       |       |       |     2 ||     2
   Cast: Ignite Poison     |       |       |    11 |    15 ||    26
         Cigotuvi's Dreadf |       |       |     4 |    12 ||    16
  Evoke: Lightning rod     |     2 |     3 |     8 |     6 ||    19
         Wand              |       |     1 |    13 |    10 ||    24
    Use: Scroll            |       |     8 |     5 |    14 ||    27
         Potion            |       |     1 |     3 |     9 ||    13
   Stab: Sleeping          |     6 |     1 |     6 |     4 ||    17
         Distracted        |       |       |     2 |       ||     2
         Held in net/web   |       |       |       |     1 ||     1
 Armour: Robe              |    34 |    49 |    96 |   157 ||   336
  Dodge: Dodged            |    76 |    39 |   190 |   317 ||   622

Table legend: (Time is in decaauts)
 A = Elapsed time spent in this place.
 B = Non-inter-level travel time spent in this place.
 C = Inter-level travel time spent in this place.
 D = Time resting spent in this place.
 E = Time spent auto-exploring this place.
 F = Levels seen in this place.
 G = Mean time per level.
                   A        B        C        D        E       F      G
               +--------+--------+--------+--------+--------+-----+--------+
         Total |  13106 |  11920 |   1186 |   2556 |   6198 |  16 |  819.1 |
       Dungeon |  12684 |  11541 |   1143 |   2543 |   6000 |  13 |  975.7 |
        Temple |    107 |     64 |     43 |      0 |     52 |   1 |  107.0 |
          Lair |     14 |     14 |      0 |      0 |      0 |   1 |   14.0 |
       Ossuary |    299 |    299 |      0 |     13 |    146 |   1 |  299.0 |
               +--------+--------+--------+--------+--------+-----+--------+

Top non-repeatable levels by time:
    D:11: 1989 daAuts
    D:10: 1935 daAuts
     D:9: 1816 daAuts
     D:6: 1246 daAuts
     D:5: 1208 daAuts
     D:7: 1055 daAuts
     D:8: 751 daAuts
     D:4: 682 daAuts
     D:3: 653 daAuts
     D:2: 559 daAuts
     D:1: 555 daAuts
 Ossuary: 299 daAuts
    D:15: 231 daAuts
  Temple: 107 daAuts
  Lair:1: 14 daAuts
